 Dungeon Crawl Stone Soup version 0.29.1-15-g9cfb28693d (webtiles) character file.

Game seed: 606863587969483051

9015 KamiKatze the Thaumaturge (level 11, -23/58 HPs)
             Began as a Deep Elf Conjurer on Feb 27, 2023.
             Was a Priest of Vehumet.
             Annihilated by Fannar
             ... wielding a +0 quarterstaff of freezing
              (33 damage)
             ... on level 10 of the Dungeon on Feb 28, 2023.
             The game lasted 00:54:47 (11837 turns).

KamiKatze the Thaumaturge (Deep Elf Conjurer)      Turns: 11837, Time: 00:54:48

Health: -23/58     AC:  4    Str:  4    XL:     11   Next: 17%
Magic:  19/36      EV: 13    Int: 28    God:    Vehumet [***...]
Gold:   502        SH:  4    Dex: 13    Spells: 16/30 levels left

rFire   . . .      SeeInvis .   a - +2 short sword (flame)
rCold   . . .      Faith    .   D - +0 buckler
rNeg    . . .      Spirit   .   K - +0 robe {Will+}
rPois   +          Reflect  .   I - +0 helmet
rElec   .          Harm     .   u - scarf {repulsion}
rCorr   .          Rampage  .   (no gloves)
Will    ++...                   d - +0 pair of boots
Stlth   +++.......              (no amulet)
HPRegen 0.19/turn               w - ring of poison resistance
MPRegen 0.25/turn               G - ring of magical power

@: repel missiles
A: no striking features
a: Renounce Religion


You were on level 10 of the Dungeon.
You worshipped Vehumet.
Vehumet was most pleased with you.
You visited 2 branches of the dungeon, and saw 11 of its levels.
You also visited: Ossuary.

You collected 502 gold pieces.

Inventory:

Hand Weapons
 a - a +2 short sword of flaming (weapon)
Missiles
 l - 5 curare-tipped darts (quivered)
 F - 2 poisoned darts
Armour
 d - a +0 pair of boots (worn)
 u - a scarf of repulsion (worn)
 D - a +0 buckler (worn)
 I - a +0 helmet (worn)
 K - a +0 robe of willpower (worn)
Jewellery
 p - a +6 ring of dexterity
 w - a ring of poison resistance (left hand)
 G - a ring of magical power (right hand)
Wands
 f - a wand of mindburst (10)
 q - a wand of digging (4)
 A - a wand of acid (5)
 B - a wand of flame (40)
Scrolls
 c - 3 scrolls of immolation
 e - 5 scrolls of butterflies
 h - 2 scrolls of fear {unknown}
 i - a scroll of vulnerability
 m - 3 scrolls of poison {unknown}
 o - 2 scrolls of noise {unknown}
 r - 7 scrolls of teleportation
 v - 2 scrolls of brand weapon {unknown}
 y - 4 scrolls of amnesia {unknown}
 J - a scroll of magic mapping
Potions
 b - 3 potions of magic
 j - 6 potions of curing
 k - 2 potions of resistance
 n - 3 potions of lignification
 s - a potion of might
 t - 10 potions of heal wounds
 x - 3 potions of attraction
 z - 2 potions of brilliance
 C - 2 potions of haste
 E - 2 potions of flight {unknown}
 H - a potion of ambrosia {unknown}


   Skills:
 + Level 2.5 Fighting
 - Level 2.0 Throwing
 + Level 5.0 Dodging
 + Level 5.2 Stealth
 * Level 1.0 Shields
 * Level 10.3 Spellcasting
 * Level 9.5 Conjurations
 - Level 10.0 Hexes
 * Level 8.2 Translocations
 + Level 3.8 Air Magic
 - Level 3.0 Poison Magic
 - Level 2.0 Evocations


You had 16 spell levels left.
You knew the following spells:

 Your Spells              Type           Power      Damage    Failure   Level
a - Magic Dart            Conj           100%       1d8       1%          1
b - Searing Ray           Conj           100%       2d8       1%          2
c - Fulminant Prism       Conj/Hex       31%        3d16      1%          4
d - Iskenderun's Mystic   Conj/Tloc      59%        2d12      1%          4
m - Mephitic Cloud        Conj/Pois/Air  44%        N/A       1%          3

Your spell library contained the following spells:

 Spells                   Type           Power      Damage    Failure   Level
 Inner Flame              Hex/Fire       42%        N/A       1%          3
 Freeze                   Ice            56%        1d7       1%          1
 Poisonous Vapours        Pois/Air       66%        N/A       1%          2
 Dazzling Flash           Conj/Hex       100%       N/A       1%          3
 Gell's Gravitas          Tloc           57%        N/A       1%          3
 Summon Guardian Golem    Hex/Summ       42%        N/A       1%          3
 Teleport Other           Tloc           57%        N/A       1%          3
 Hailstorm                Conj/Ice       41%        3d10      2%          4
 Frozen Ramparts          Ice            28%        1d5       4%          3
 Beastly Appendage        Tmut           28%        N/A       5%          1
 Summon Small Mammal      Summ           56%        N/A       5%          1
 Irradiate                Conj/Tmut      20%        3d18      6%          5
 Call Imp                 Summ           14%        N/A       9%          2
 Sublimation of Blood     Necr           14%        N/A       9%          2
 Wereblood                Tmut           14%        N/A       9%          2
 Spider Form              Tmut/Pois      22%        N/A       9%          3
 Call Canine Familiar     Summ           14%        N/A       16%         3
 Corpse Rot               Necr/Pois/Air  27%        N/A       21%         4
 Dispersal                Tloc           28%        N/A       26%         6
 Ice Form                 Ice/Tmut       14%        N/A       47%         4
 Petrify                  Tmut/Erth      14%        N/A       47%         4
 Simulacrum               Ice/Necr       7%         N/A       100%        6
 Chain Lightning          Conj/Air       25%        3d34      100%        9
 Fire Storm               Conj/Fire      20%        8d5       100%        9
 Shatter                  Erth           7%         3d9*      100%        9


Dungeon Overview and Level Annotations

Branches:
Dungeon (10/15)            Temple (1/1) D:7            Lair (0/5) D:9
Ossuary (visited)
    Orc: D:9-12

Altars:
Ashenzari
Cheibriados
Dithmenos
Elyvilon
Fedhas
Hepliaklqana
Kikubaaqudgha
Makhleb
Nemelex Xobeh
Okawaru
Qazlal
Ru
Trog
Vehumet
Wu Jian
Xom
Yredelemnul
Zin
The Shining One

Shops:
D:1 [   D:8 :

Annotations:
D:4 Blork the orc, Grinder
D:8 2 runed translucent doors, exclusion: 2 doors
D:9 exclusions: obsidian statue and orange crystal statue
D:10 Fannar


Message History

Your fulminant prism crackles loudly.
Fannar hits your fulminant prism with a +0 quarterstaff of freezing!
Your fulminant prism explodes!
The blast of energy engulfs Fannar!!
Fannar is severely wounded.
You hear a shout!
There is an open door here.
Casting: Fulminant Prism (safe; 1% risk of failure)
Confirm with . or Enter, or press ? or * to list all spells.
Aiming: Fulminant Prism (safe; 1% risk of failure)
Press: ? - help, Dir - move target You conjure a prism of explosive energy!
A fulminant prism comes into view.
Fannar hits your fulminant prism with a +0 quarterstaff of freezing!
Fannar freezes your fulminant prism.
Your fulminant prism crackles loudly.
Fannar mumbles some strange words.
Fannar drains the heat from the surrounding environment!
Your fulminant prism resists.
Your fulminant prism explodes!
The blast of energy engulfs Fannar!
Fannar is almost dead.
You hear a bellow!
Casting: Fulminant Prism (safe; 1% risk of failure)
Confirm with . or Enter, or press ? or * to list all spells.
Aiming: Fulminant Prism (safe; 1% risk of failure)
Press: ? - help, Dir - move target You conjure a prism of explosive energy!
A fulminant prism comes into view.
Fannar gestures at you while chanting.
The bolt of cold hits your fulminant prism!
Your fulminant prism resists.
The bolt of cold hits you!!
Ouch! That really hurt!
* * * LOW HITPOINT WARNING * * *
Your fulminant prism crackles loudly.
Fannar casts a spell.
Fannar drains the heat from the surrounding environment!
Ouch! That really hurt!
You die...

.....YY# .### ...#
##)#### ......#####
......'...######+####
......###.e##.....#.#
......# ##..*.###.#.#
.....*# ####...@...#
......# #######.#
......# #.......#
##'#### ######'##
##.# ###.# ...# #...#
#### #.### ########
#>#
.......#########'###


You could see Fannar (ally target) and a friendly fulminant prism.

Vanquished Creatures
  Pikel (D:7)
  Maggie (D:6)
  2 trolls
  A hornet (D:8)
  A shadow (D:10)
  A spriggan (D:9)
  A wraith (D:9)
  3 wyverns
  9 yaks (D:9)
  Eustachio (D:6)
  A steam dragon (D:9)
  4 water moccasins
  4 orc warriors (D:8)
  4 ice beasts
  2 ogres
  5 wolves (D:9)
  2 centaurs
  2 lemures (D:7)
  2 phantoms (D:6)
  3 bullfrogs
  3 scorpions
  4 necrophages
  A gnoll sergeant (D:9)
  12 wights
  11 killer bees
  An electric eel (D:9)
  3 howler monkeys
  3 centaur zombies (D:7)
  2 jellies
  A bullfrog zombie (D:7)
  5 orc priests
  4 hounds
  4 iguanas
  5 orc wizards
  2 killer bee zombies (D:7)
  3 mummies (Ossuary)
  A howler monkey zombie (D:7)
  15 gnolls
  6 adders
  3 shadow imps
  2 white imps
  2 ufetubi
  3 adder zombies (Ossuary)
  A worm (D:2)
  2 dart slugs (D:1)
  51 orcs
  5 endoplasms (D:1)
  A giant cockroach (D:1)
  A gnoll zombie (Ossuary)
  6 goblins
  11 hobgoblins
  6 jackals
  3 kobolds
  2 quokkas
  9 ball pythons
  6 bats
  4 frilled lizards
  2 goblin zombies (Ossuary)
  4 hobgoblin zombies (Ossuary)
  2 kobold zombies (Ossuary)
  An orc zombie (Ossuary)
  2 quokka zombies (Ossuary)
  6 rats
  3 rat zombies (Ossuary)
274 creatures vanquished.

Vanquished Creatures (others)
  A centaur (D:10)
  89 fulminant prisms
  2 plants (D:9)
92 creatures vanquished.

Grand Total: 366 creatures vanquished

Notes
Turn   | Place    | Note
-------+----------+-------------------------------------------
     0 | D:1      | KamiKatze the Deep Elf Conjurer began the quest for the
                  | Orb.
     0 | D:1      | Reached XP level 1. HP: 10/10 MP: 6/6
   220 | D:1      | Reached XP level 2. HP: 15/15 MP: 6/8
   224 | D:1      | Learned a level 2 spell: Searing Ray
   315 | D:1      | Reached skill level 1 in Hexes
   496 | D:1      | Found Okiall's Armour Boutique.
   686 | D:1      | Reached skill level 1 in Translocations
   939 | D:1      | Reached XP level 3. HP: 19/19 MP: 6/9
  1422 | D:2      | Reached XP level 4. HP: 24/24 MP: 7/11
  1427 | D:2      | Learned a level 4 spell: Fulminant Prism
  2085 | D:3      | Noticed a scorpion
  2289 | D:3      | Reached XP level 5. HP: 28/28 MP: 4/13
  2299 | D:3      | Learned a level 4 spell: Iskenderun's Mystic Blast
  2353 | D:3      | Reached skill level 5 in Conjurations
  2600 | D:3      | Found a glowing silver altar of Zin.
  2622 | D:3      | Found an ancient bone altar of Kikubaaqudgha.
  3153 | D:4      | Reached XP level 6. HP: 30/32 MP: 4/15
  3235 | D:3      | Reached skill level 5 in Spellcasting
  3626 | D:4      | Found a sparkling altar of Nemelex Xobeh.
  3959 | D:4      | Noticed Grinder
  3967 | D:4      | Noticed Blork the orc
  4045 | D:5      | Entered Level 5 of the Dungeon
  4053 | D:5      | Noticed a water moccasin
  4055 | D:5      | Reached skill level 1 in Throwing
  4195 | D:5      | Reached XP level 7. HP: 36/36 MP: 12/17
  4859 | D:5      | Reached skill level 5 in Hexes
  4928 | D:6      | Reached XP level 8. HP: 3/41 MP: 2/19
  5050 | D:6      | Found a sand-covered staircase.
  5063 | Ossuary  | Entered an ossuary
  5724 | D:6      | Noticed Maggie
  5834 | D:5      | Found a hazy altar of Hepliaklqana.
  5835 | D:5      | Found a faded altar of an unknown god.
  6063 | D:5      | Reached skill level 5 in Translocations
  6291 | D:6      | Noticed Eustachio
  6601 | D:6      | Killed Maggie
  6794 | D:6      | Found a stormy altar of Qazlal.
  6868 | D:6      | Reached XP level 9. HP: 45/45 MP: 2/23
  6985 | D:6      | Found an iron altar of Okawaru.
  7147 | D:6      | Found a radiant altar of Vehumet.
  7156 | D:6      | Became a worshipper of Vehumet
  7350 | D:6      | Learned a level 3 spell: Mephitic Cloud
  7423 | D:6      | Killed Eustachio
  7655 | D:6      | Reached skill level 1 in Poison Magic
  7866 | D:7      | Found a burning altar of Makhleb.
  7912 | D:7      | Reached skill level 1 in Air Magic
  7912 | D:7      | Reached skill level 1 in Evocations
  8123 | D:7      | Found a shadowy altar of Dithmenos.
  8245 | D:7      | Found a staircase to the Ecumenical Temple.
  8270 | Temple   | Entered the Ecumenical Temple
  8323 | D:7      | Noticed Pikel
  8335 | D:7      | Killed Pikel
  8336 | D:7      | Reached skill level 1 in Fighting
  8791 | D:7      | Found a basalt altar of Yredelemnul.
  8801 | D:7      | Reached XP level 10. HP: 48/52 MP: 12/24
  8943 | D:7      | Reached * piety under Vehumet
  8943 | D:7      | Offered knowledge of Foxfire by Vehumet.
  9445 | D:8      | Offered knowledge of Static Discharge by Vehumet.
  9446 | D:8      | Reached ** piety under Vehumet
  9726 | D:8      | Found a large runed translucent door.
  9726 | D:8      | Found a large runed translucent door.
  9877 | D:8      | Found Somian's Self-Improvement Boutique.
 10470 | D:9      | Offered knowledge of Inner Flame by Vehumet.
 10471 | D:9      | Reached skill level 5 in Stealth
 10552 | D:9      | Reached skill level 10 in Spellcasting
 10628 | D:9      | Reached XP level 11. HP: 44/58 MP: 13/27
 10716 | D:9      | Found a staircase to the Lair.
 10765 | D:9      | Found a glowing golden altar of the Shining One.
 11052 | D:9      | Noticed an obsidian statue
 11109 | D:9      | Reached *** piety under Vehumet
 11144 | D:9      | Reached skill level 10 in Hexes
 11182 | D:9      | Noticed an orange crystal statue
 11391 | D:10     | Entered Level 10 of the Dungeon
 11430 | D:10     | Reached skill level 5 in Dodging
 11430 | D:10     | Reached skill level 1 in Shields
 11468 | D:10     | Noticed Fannar
 11837 | D:10     | Annihilated by Fannar

Illustrated notes

Levels and vault maps discovered:
D:1:      lemuel_arrival_lava_pool, layout_basic, serial_shops, shop,
          nrook_mini_vaults
D:2:      layout_loops_ring, minivault_23, nicolae_elevator_lobby_asterisk
D:3:      layout_rooms, lemuel_round_altar, lemuel_tele_altar, minivault_11
D:4:      layout_basic, nemelex_spade_bored_becter, st_stairs_1, uniq_grinder,
          uniq_blork_the_orc
D:5:      layout_rooms, beargit_hepliaklqana_dungeon_heroes, st_stairs_10,
          minmay_misc_feat_plants
D:6:      layout_basic, marbit_many_paths, lemuel_round_altar,
          mainiacjoe_overflow_concentric_impassable, nicolae_ossuary_entry_plus,
          uniq_eustachio, uniq_maggie
D:7:      layout_basic, nicolae_yredelemnul_corpse_copse,
          mainiacjoe_overflow_brackets, mainiacjoe_overflow_cross_hatched,
          minmay_temple_entry_offerings, uniq_pikel
D:8:      layout_cave_pools, jmf_multi_god_temple2, special_room
          [special_room_orc], nicolae_shop_self_help
D:9:      minmay_separated_statues, layout_loops_corners, tso_oasis_becter,
          erik_lair_island, the_hattery
D:10:     layout_roguey, grunt_gozag_breadcrumbs, uniq_fannar
Temple:   hellmonk_temple_two_chambers

Skill      XL: |  1  2  3  4  5  6  7  8  9 10 11 |
---------------+----------------------------------+-----
Hexes          | 1 2 3 4 5 7 8 9 10 | 10.0
Translocations | 1 2 3 4 6 8 |  8.2
Stealth        | 3 5 |  5.2
Dodging        | 3 4 5 |  5.0
Spellcasting   | 4 5 6 8 10 | 10.3
Conjurations   | 5 6 7 8 9 |  9.5
Throwing       | 1 2 |  2.0
Poison Magic   | 2 3 |  3.0
Air Magic      | 2 3 |  3.8
Evocations     | 2 |  2.0
Fighting       | 1 2 |  2.5
Shields        | 1 |  1.0

Action                   |  1- 3 |  4- 6 |  7- 9 | 10-12 || total
-------------------------+-------+-------+-------+-------++-------
Melee: Short sword       |     3 |    12 |     2 |     1 ||    18
Throw: Dart              |       |     3 |       |       ||     3
 Cast: Magic Dart        |    61 |    57 |    93 |     7 ||   218
       Searing Ray       |     5 |    21 |    32 |     4 ||    62
       Fulminant Prism   |       |     4 |    28 |    58 ||    90
       Iskenderun's Myst |       |       |    17 |    34 ||    51
       Mephitic Cloud    |       |       |     1 |     1 ||     2
  Use: Scroll            |       |     1 |    11 |     3 ||    15
 Stab: Sleeping          |     1 |       |       |     1 ||     2
       Confused          |       |       |     1 |       ||     1
Armor: Robe              |     3 |     7 |     6 |     1 ||    17
Dodge: Dodged            |    13 |    22 |    21 |    22 ||    78
       Repelled          |       |       |     1 |       ||     1
